 Dungeon Crawl Stone Soup version 0.26-a0-1147-g3780a7a11b (webtiles) character file.

Game seed: 908288481091675236

29 Dracia the Ducker (level 3, -5/27 HPs)
             Began as a Demonspawn Gladiator on Dec 22, 2020.
             Slain by Sigmund
             ... wielding a +0 scythe
              (9 damage)
             ... on level 2 of the Dungeon.
             The game lasted 00:02:02 (1069 turns).

Dracia the Ducker (Demonspawn Gladiator)            Turns: 1069, Time: 00:02:03

Health: -5/27      AC:  5    Str: 15    XL:     3   Next: 1%
Magic:  0/3        EV: 13    Int:  9    God:
Gold:   46         SH:  0    Dex: 14    Spells: 2/2 levels left

rFire    . . .     SeeInvis .   a - +0 quarterstaff
rCold    . . .     Faith    .   (shield currently unavailable)
rNeg     . . .     Spirit   +   b - +0 leather armour
rPois    .         Reflect  .   c - +0 helmet
rElec    .         Harm     .   g - +0 cloak
rCorr    .         Rampage  .   (no gloves)
Will     .....                  (no boots)
Stlth    +.........             (no amulet)
HPRegen  0.09/turn              (no ring)
MPRegen  0.08/turn              (no ring)

@: confused, hasted, very quick
A: demonic guardian 1, magic shield
a: no special abilities


You were on level 2 of the Dungeon.
You visited 1 branch of the dungeon, and saw 2 of its levels.

You collected 46 gold pieces.


Innate Abilities, Weirdness & Mutations

A weak demonic guardian rushes to your aid.
When hurt, damage is shared between your health and your magic reserves.


   Skills:
 - Level 2.0 Fighting
 - Level 2.6 Staves
 - Level 1.7 Throwing
 + Level 1.6 Armour
 + Level 3.3 Dodging


You had 2 spell levels left.
You didn't know any spells.
Your spell library was empty.

Inventory:

Hand Weapons
 a - a +0 quarterstaff (weapon)
Missiles
 d - 3 throwing nets {=f=f}
 l - 14 poisoned darts (quivered)
Armour
 b - a +0 leather armour (worn)
 c - a +0 helmet (worn)
 g - a +0 cloak (worn)
Scrolls
 f - a scroll of remove curse {unknown}
 i - a scroll of amnesia {unknown}
 j - a scroll of fog {unknown}
 k - a scroll of identify {unknown}
Potions
 e - a potion of curing {unknown}

Dungeon Overview and Level Annotations

Branches:
Dungeon (2/15)

Altars:

Annotations:
D:2 Sigmund

####### #.....#
#.....# #######
#.....###.....#
#...<.'@{.....+
#.....###.....#
####### #.....#
......# .{....#
...##### ...#
....#


There were no monsters in sight!


Message History

The puff of flame hits your shadow imp.
Your shadow imp dies!
You feel less confused.
Unknown command.
There is an open door here.
There is a stone staircase leading up here.
It was a potion of heal wounds.
You feel much better.
A puff of flame appears from out of thin air!
The puff of flame hits you but does no damage.
Unknown command.
There is an open door here.
You closely miss something. Something hits you.
You hit something but do no damage. You closely miss something.
You hear some strange, mumbled words.
You are confused.
You miss something. Something hits you!
* * * LOW HITPOINT WARNING * * *
You barely miss something. You closely miss something. Something hits you!
* * * LOW HITPOINT WARNING * * *
You bump into the rock wall.
You miss something.
You hear some strange, mumbled words.
A magic dart appears from out of thin air!
The magic dart hits you.
* * * LOW HITPOINT WARNING * * *
You bump into the rock wall.
You completely miss something. Something hits you!
You die...

Skill      XL: |  1 |
---------------+----+-----
Armour         | 1 |  1.6
Dodging        | 3 |  3.3
Fighting       | |  2.0
Staves         | |  2.6
Throwing       | |  1.7

Action                   || total
-------------------------++-------
Melee: Quarterstaff      ||    73
  Use: Potion            ||     2
 Stab: Sleeping          ||     2
Armor: Leather armour    ||    30
Dodge: Dodged            ||    50

Levels and vault maps discovered:
D:1:      wander_arrival_chamber, layout_basic, minivault_27,
          minmay_pentomino_z4
D:2:      lemuel_upstairs_altar, layout_basic,
          nicolae_dithmenos_through_a_glass_darkly, lemuel_round_altar,
          uniq_sigmund

Notes
Turn   | Place    | Note
-------+----------+-------------------------------------------
     0 | D:1      | Dracia the Demonspawn Gladiator began the quest for the
                  | Orb.
     0 | D:1      | Reached XP level 1. HP: 16/16 MP: 1/1
   180 | D:1      | Reached skill level 1 in Armour
   180 | D:1      | Reached skill level 3 in Dodging
   180 | D:1      | Gained mutation: A weak demonic guardian rushes to your
                  | aid. [demonic ancestry]
   180 | D:1      | Reached XP level 2. HP: 14/22 MP: 2/2
   819 | D:1      | Gained mutation: When hurt, damage is shared between your
                  | health and your magic reserves. [demonic ancestry]
   819 | D:1      | Reached XP level 3. HP: 27/27 MP: 3/3
  1045 | D:2      | Noticed Sigmund
  1069 | D:2      | Slain by Sigmund

Vanquished Creatures
  2 oozes (D:1)
  A ball python (D:1)
  3 giant cockroaches (D:1)
  3 goblins (D:1)
  3 hobgoblins (D:1)
  3 bats (D:1)
  A kobold (D:1)
  5 rats (D:1)
21 creatures vanquished.

Table legend: (Time is in decaauts)
 A = Elapsed time spent in this place.
 B = Non-inter-level travel time spent in this place.
 C = Inter-level travel time spent in this place.
 D = Time resting spent in this place.
 E = Time spent auto-exploring this place.
 F = Levels seen in this place.
 G = Mean time per level.
                   A        B        C        D        E       F      G
               +--------+--------+--------+--------+--------+-----+--------+
         Total |   1073 |   1049 |     24 |      0 |    876 |   2 |  536.5 |
       Dungeon |   1073 |   1049 |     24 |      0 |    876 |   2 |  536.5 |
               +--------+--------+--------+--------+--------+-----+--------+

Top non-repeatable levels by time:
     D:1: 1050 daAuts
     D:2: 22 daAuts

Table legend:
 A = Non-vault XP
 B = Vault XP
 C = Vault XP percentage of total XP
 D = Non-vault monster count
 E = Vault monster count
 F = Vault count percentage of total count
                 A         B        C        D         E       F
            +---------+---------+-------+---------+---------+-------
      Total |      41 |       1 |   2.4 |      20 |       1 |   4.8
            +---------+---------+-------+---------+---------+-------
        D:1 |      41 |       1 |   2.4 |      20 |       1 |   4.8
            +---------+---------+-------+---------+---------+-------
